AoeStats
← Khudalzk

Lombardia

507886580Analyzed
2v2 RM · 13d ago on Sep 20, 2026· 41m 29s· 4 players
Game mode
Random Map
Map size
Medium (4 player)
Population
200
Speed
Normal
Resources
Standard
Victory
Conquest
Starting age
Dark Age
Ending age
Imperial Age
RankedLock teamsTeams togetherTeam positionsShared explorationLock speedFull tech treeHidden civsTurbo modeCheats
Victory
Defeat
🇨🇿 Poles · Czechia
808
+11
🇨🇿 Maya · Czechia
782
+12
🇮🇳 Bohemians · India
703
-11
🇦🇺 Spanish · Australia
697
-12
iqHackSaw
0:28 Loom
11:37 Feudal Age
12:57 Double-Bit Axe
19:47 Castle Age
21:08 Pikeman
22:42 Squires
28:22 Fervor
33:59 Imperial Age
33:01 Wheelbarrow
35:50 Conscription
35:26 Halberdier
39:27 Chemistry
38:48 Ballistics
39:48 Scale Mail Armor
kakashi
11:17 Feudal Age
12:01 Double-Bit Axe
13:41 Loom
26:08 Castle Age
25:40 Horse Collar
28:06 Stone Mining
28:06 Gold Mining
29:30 Bow Saw
29:23 Heavy Plow
35:05 Imperial Age
33:11 Pikeman
35:35 Ballistics
37:03 Chemistry
honza.pokorny25
12:16 Feudal Age
12:49 Horse Collar
13:11 Double-Bit Axe
15:17 Wheelbarrow
18:57 Bloodlines
19:18 Scale Mail Armor
23:07 Scale Barding Armor
28:24 Castle Age
28:53 Forging
30:36 Caravan
30:06 Man-at-Arms
30:06 Pikeman
30:47 Squires
30:51 Husbandry
31:11 Light Cavalry
32:54 Chain Mail Armor
33:15 Iron Casting
32:49 Heavy Plow
34:54 Szlachta Privileges
36:48 Long Swordsman
40:36 Imperial Age
39:40 Bow Saw
40:51 Capped Ram
Khudalzk
0:52 Loom
12:30 Feudal Age
13:09 Double-Bit Axe
13:08 Horse Collar
17:48 Town Watch
20:38 Wheelbarrow
20:33 Scale Mail Armor
20:43 Forging
23:07 Castle Age
21:09 Fletching
21:22 Padded Archer Armor
24:44 Eagle Warrior
25:25 Squires
28:59 Imperial Age
28:10 Gold Mining
29:56 Chain Mail Armor
30:16 Iron Casting
31:26 Holcans
31:19 Conscription
33:10 Blast Furnace
32:33 Heavy Plow
35:34 Plate Mail Armor
40:34 Bodkin Arrow
40:55 Leather Archer Armor
41:12 Bow Saw
40:38 Crossbowman
41:33 Thumb Ring
Connection lost

Rejoining the realm…

Still unreachable

The connection could not be restored.

Session expired

The server has moved on; the page needs a fresh start.